 Dungeon Crawl Stone Soup version 0.26-a0-661-g406de6ba63 (webtiles) character file.

Game seed: 2020660818579057783

13652 Conn the Thaumaturge (level 12, -9/108 HPs)
             Began as an Octopode Hedge Wizard on Oct 9, 2020.
             Was a Priest of Sif Muna.
             Mangled by a cane toad (12 damage)
             ... on level 1 of the Lair of Beasts.
             The game lasted 01:14:10 (16904 turns).

Conn the Thaumaturge (Octopode Hedge Wizard)       Turns: 16904, Time: 01:14:11

Health: -9/108     AC: 29    Str: 15 (17) XL:     12   Next: 8%
Magic:  4/26       EV:  2    Int: 18 (20) God:    Sif Muna [***...]
Gold:   166        SH: 10    Dex: 12 (15) Spells: 12/31 levels left

rFire    + + .     SeeInvis +   a - +3 dagger of the Trees {vorpal, *Rage rElec rF+ Dex+4}
rCold    + . .     Faith    .   O - +1 buckler {AC+3}
rNeg     + + +     Spirit   .   (helmet currently unavailable)
rPois    +         Reflect  +   i - amulet of reflection
rElec    +         Harm     .   c - ring of wizardry
rCorr    +         Rampage  .   o - ring of poison resistance
MR       +....     Clarity  +   s - +6 ring of strength Stlth ++++......NoTele +
                                e - ring of wizardry
HPRegen  0.28/turn              C - +4 ring of evasion
MPRegen  0.20/turn              y - ring of protection from magic
                                F - ring of see invisible
                                (no ring)

@: mighty, tree-form, resistant
A: almost no armour, stealthy swim, (amphibious), 8 rings, (constrict 8),
clarity, subdued magic 1
a: Channel Magic, Forget Spell, Renounce Religion


You were on level 1 of the Lair of Beasts.
You worshipped Sif Muna.
Sif Muna was most pleased with you.
You were a tree.
You visited 3 branches of the dungeon, and saw 13 of its levels.
You also visited: Sewer.

You collected 947 gold pieces.
You spent 781 gold pieces at shops.

Inventory:

Hand Weapons
 a - the +3 dagger of the Trees (weapon) {vorpal, *Rage rElec rF+ Dex+4}
   (You bought it in a shop on level 8 of the Dungeon)

   It inflicts extra damage upon your enemies.
   It affects your dexterity (+4).
   It protects you from fire.
   It insulates you from electricity.
   It may make you go berserk in combat.
 g - a +0 short sword
 z - a +2 dagger of draining
 G - a +0 dagger
Missiles
 p - 8 javelins
 B - 61 poisoned darts
 H - 4 throwing nets (quivered)
Armour
 O - a +1 buckler of protection (worn)
 P - a +1 hat (melded)
Magical Staves
 b - an uncursed staff of fire
Jewellery
 c - a ring of wizardry (left branch)
 e - a ring of wizardry (on tentacle)
 i - an amulet of reflection (around neck)
 n - an uncursed amulet of guardian spirit {unknown}
 o - a ring of poison resistance (right branch)
 s - a +6 ring of strength (on tentacle)
 y - a ring of protection from magic (on tentacle)
 C - a +4 ring of evasion (on tentacle)
 F - a ring of see invisible (on tentacle)
Wands
 k - a wand of digging (3)
 D - a wand of iceblast (11)
 E - a wand of paralysis (5)
 I - a wand of flame (16)
Scrolls
 d - 2 scrolls of fog
 h - 3 scrolls of magic mapping
 m - 9 scrolls of teleportation
 q - 8 scrolls of remove curse
 r - a scroll of immolation
 t - 2 scrolls of amnesia
 w - 8 scrolls of identify
 J - a scroll of fear
Potions
 f - 2 potions of mutation
 j - 3 potions of stabbing
 l - 2 potions of brilliance
 u - 5 potions of heal wounds
 v - 6 potions of curing
 x - a potion of might
 K - a potion of lignification
 M - a potion of ambrosia {unknown}
 N - a potion of berserk rage {unknown}


   Skills:
 + Level 3.1 Fighting
 + Level 6.3 Short Blades
 + Level 0.4 Staves
 + Level 0.1 Throwing
 + Level 3.5 Dodging
 - Level 10.0 Stealth
 * Level 2.8 Shields
 * Level 10.4 Spellcasting
 * Level 7.0 Conjurations
 + Level 0.2 Hexes
 + Level 3.2 Summonings
 + Level 2.6 Translocations
 + Level 3.7 Fire Magic
 * Level 1.2 Ice Magic
 + Level 4.5 Air Magic
 - Level 4.0 Poison Magic
 * Level 3.1 Invocations
 + Level 1.2 Evocations


You had 12 spell levels left.
You knew the following spells:

 Your Spells              Type           Power        Failure   Level
a - Magic Dart            Conj           ####         1%          1
b - Blink                 Tloc           N/A          1%          2
c - Call Imp              Summ           ###.....     1%          2
d - Conjure Flame         Conj/Fire      ###.....     1%          3
e - Mephitic Cloud        Conj/Pois/Air  ###.....     1%          3
f - Slow                  Hex            #.......     2%          2
g - Freezing Cloud        Conj/Ice/Air   ###.......   45%         6

Your spell library contained the following spells:

 Spells                   Type           Power        Failure   Level
 Animate Skeleton         Necr           #.....       1%          1
 Apportation              Tloc           ##....       1%          1
 Corona                   Hex            #......      1%          1
 Summon Small Mammal      Summ           ###.         1%          1
 Poisonous Vapours        Pois/Air       ###...       1%          2


Dungeon Overview and Level Annotations

Branches:
Dungeon (10/15)            Temple (1/1) D:5            Lair (2/6) D:8
    Orc (0/2) D:9           Sewer (visited)
  Swamp: Lair:2-4    Shoals: Lair:2-4     Snake: Lair:2-4    Spider: Lair:2-4

Altars:
Ashenzari
Cheibriados
Dithmenos
Elyvilon
Fedhas
Gozag
Hepliaklqana
Makhleb
Nemelex Xobeh
Okawaru
Qazlal
Ru
Sif Muna
Trog
Uskayaw
Vehumet
Wu Jian
Xom
Yredelemnul
Zin

Shops:
D:6 [*?   D:7 :   D:8 *}(*=   D:10 [

Annotations:
Lair:1 Gastronok


Innate Abilities, Weirdness & Mutations

You cannot wear most types of armour.
You are very stealthy in the water. (Stealth+)
((You are amphibious.))
You can wear up to eight rings at the same time.
((You can use your tentacles to constrict eight enemies at once.))
((Your skin changes colour to match your surroundings (Stealth+).))
((Your rubbery body absorbs attacks. (AC +1, EV +1)))
You possess an exceptional clarity of mind.
Your spells are a little easier to cast, but a little less powerful.


Message History

Your crimson imp closely misses the water moccasin.
Gastronok bites you but does no damage. The water moccasin barely misses you.
The yak seems less confused.
The cane toad stings you.
Your crimson imp blinks!
Your crimson imp closely misses the water moccasin.
The water moccasin bites you but does no damage.
The yak gores the yak!
You turn to wood and can move again.
Okay, then.
It was a potion of degeneration.
There was something very wrong with that liquid.
You feel weakened.
You feel dopey.
You feel clumsy. The cane toad stings you!
* * * LOW HITPOINT WARNING * * *
You block the water moccasin's attack.
Your crimson imp closely misses the water moccasin.
The yak gores the basilisk!
Gastronok bites you!!
* * * LOW HITPOINT WARNING * * *
The yak gores the yak.
The cane toad stings you!
You die...

.# .. .. .#
#....#......... #. .. .#
#....#......... #..#. .#
#....#......... .###..#.
.P# ..5............
......#. .##
............... ......P.
.# .......YY......
......P. ##
......wFY...... ........
#
.....rS♣l......#..####..
.....5###.....##.. ###.
..... ....##..###P#.
.... ...#.#.......#. ...
....[........... ..
.....P........... .
#...PP.#.........
##...PP.##........
##...........#.....


You could see Gastronok (swift), 3 yaks, a cane toad, a basilisk, a water
moccasin, a quokka (summoned) and 2 friendly crimson imps.

Vanquished Creatures
  Harold (D:8)
  An unseen horror (D:10)
  2 black mambas (Lair:2)
  Psyche (D:8)
  2 gargoyles
  A centaur skeleton (D:10)
  2 cane toads (Lair:2)
  A komodo dragon (D:8)
  Maggie (D:8)
  5 yaktaurs (D:10)
  A hornet (D:10)
  2 trolls (D:10)
  Prince Ribbit (D:8)
  8 blink frogs (Lair:2)
  2 wyverns (D:8)
  4 yaks
  2 basilisks
  Menkaure (D:4)
  5 water moccasins
  3 sky beasts
  2 phantoms
  3 orc warriors
  A swamp drake (D:8)
  A black bear (D:7)
  2 ice beasts
  4 ogres
  2 centaurs
  4 big kobolds
  8 bullfrogs
  5 scorpions
  6 killer bees (D:9)
  A howler monkey (D:5)
  5 wights (D:8)
  3 jellies
  4 orc priests
  5 hounds
  11 orc wizards
  3 iguanas
  6 worker ants
  A worker ant zombie (D:9)
  A howler monkey zombie (D:7)
  11 gnolls
  9 adders
  9 river rats
  3 shadow imps
  2 ufetubi
  2 oozes (Sewer)
  An adder skeleton (D:10)
  4 worms
  A dart slug (D:4)
  7 leopard geckos
  30 orcs
  5 bats
  4 giant cockroaches
  7 goblins
  12 hobgoblins
  5 jackals
  A quokka (D:6)
  3 ball pythons
  7 frilled lizards
  A jackal skeleton (D:5)
  23 kobolds
  2 leopard gecko skeletons
  22 rats
295 creatures vanquished.

Vanquished Creatures (collateral kills)
  A blink frog (Lair:2)
  A basilisk (Lair:2)
  A water moccasin skeleton (D:6)
  5 gnolls
  3 adders
  A worm (D:3)
  A ball python (D:2)
  3 goblins
  2 hobgoblins
  3 bats
  A rat (D:2)
22 creatures vanquished.

Vanquished Creatures (others)
  15 fungi
  8 plants
23 creatures vanquished.

Grand Total: 340 creatures vanquished

Notes
Turn   | Place    | Note
-------+----------+-------------------------------------------
     0 | D:1      | Conn the Octopode Hedge Wizard began the quest for the Orb.
     0 | D:1      | Reached XP level 1. HP: 11/11 MP: 4/4
   243 | D:1      | Reached XP level 2. HP: 17/17 MP: 3/6
   247 | D:1      | Learned a level 2 spell: Blink
   250 | D:1      | Learned a level 2 spell: Call Imp
   868 | D:1      | Reached XP level 3. HP: 13/21 MP: 0/8
  1476 | D:1      | Learned a level 3 spell: Conjure Flame
  2102 | D:2      | Reached XP level 4. HP: 15/27 MP: 8/10
  2674 | D:2      | Gained mutation: Your spells are a little easier to cast,
                  | but a little less powerful. [potion of mutation]
  2674 | D:2      | Gained mutation: You possess an exceptional clarity of
                  | mind. [potion of mutation]
  3093 | D:3      | Learned a level 3 spell: Mephitic Cloud
  3178 | D:3      | Reached XP level 5. HP: 31/31 MP: 3/11
  3315 | D:3      | Learned a level 2 spell: Slow
  3342 | D:3      | Reached skill level 1 in Fire Magic
  3872 | D:4      | Noticed Menkaure
  4656 | D:4      | Killed Menkaure
  4656 | D:4      | Reached skill level 1 in Short Blades
  4656 | D:4      | Reached skill level 1 in Air Magic
  4656 | D:4      | Reached skill level 1 in Poison Magic
  4656 | D:4      | Reached XP level 6. HP: 36/36 MP: 0/13
  4912 | D:5      | Entered Level 5 of the Dungeon
  5086 | D:5      | Found a glowing drain.
  5168 | Sewer    | Entered a sewer
  5225 | Sewer    | Reached skill level 5 in Spellcasting
  5327 | Sewer    | Reached XP level 7. HP: 36/41 MP: 5/14
  6118 | D:5      | Found a staircase to the Ecumenical Temple.
  6160 | D:5      | Reached XP level 8. HP: 40/47 MP: 2/16
  6460 | D:5      | Noticed a gargoyle
  6636 | D:5      | Found a glowing silver altar of Zin.
  6679 | D:6      | Found Efaover's Armour Shop.
  6893 | D:6      | Found Wubasecw's Assorted Antiques.
  7450 | Temple   | Entered the Ecumenical Temple
  7529 | Temple   | Became a worshipper of Sif Muna the Loreminder
  7770 | D:5      | Killed a gargoyle
  7770 | D:5      | Reached skill level 1 in Fighting
  8144 | D:6      | Reached XP level 9. HP: 33/53 MP: 2/18
  8376 | D:6      | Bought a tubular opal ring for 135 gold pieces
  8497 | D:6      | Found Qaonupsa's Magic Scroll Boutique.
  8628 | D:6      | Bought 2 scrolls of teleportation for 66 gold pieces
  8690 | D:6      | Found a white marble altar of Elyvilon.
  9690 | D:7      | Found Utimej's Book Boutique.
  9692 | D:7      | Reached skill level 5 in Stealth
  9949 | D:7      | Found a stormy altar of Qazlal.
 10297 | D:8      | Found Pykyis's Jewellery Shoppe.
 10306 | D:8      | Noticed Prince Ribbit
 10313 | D:8      | Killed Prince Ribbit
 10482 | D:8      | Bought an uncursed ring of see invisible for 180 gold
                  | pieces
 10513 | D:8      | Reached * piety under Sif Muna
 10622 | D:8      | Noticed Psyche
 10705 | D:8      | Found Fuwobroi's Assorted Antiques.
 10714 | D:8      | Bought a dazzling dagger for 140 gold pieces
 10714 | D:8      | Identified the +3 dagger of the Trees {vorpal, *Rage rElec
                  | rF+ Dex+4} (You bought it in a shop on level 8 of the
                  | Dungeon)
 10717 | D:8      | Noticed Harold
 10955 | D:8      | Killed Psyche
 10955 | D:8      | Reached XP level 10. HP: 16/59 MP: 5/22
 10958 | D:8      | Killed Harold
 10958 | D:8      | Reached skill level 5 in Conjurations
 10958 | D:8      | Reached skill level 1 in Evocations
 11202 | D:8      | Found Zefubeli's Antique Weapon Emporium.
 11324 | D:8      | Found Louziffa's Gadget Boutique.
 11326 | D:8      | Found Giluz's General Store.
 11344 | D:8      | Bought a scroll of fear for 35 gold pieces
 11919 | D:8      | Found a faded altar of an unknown god.
 11919 | D:8      | Found a hide-covered altar of Uskayaw.
 11919 | D:8      | Noticed Maggie
 11928 | D:8      | Killed Maggie
 11930 | D:8      | Found a broken altar of Ashenzari.
 11932 | D:8      | Found a faded altar of an unknown god.
 11933 | D:8      | Found an opulent altar of Gozag.
 12179 | D:8      | Found a staircase to the Lair.
 12583 | D:9      | Reached ** piety under Sif Muna
 13060 | D:9      | Reached skill level 5 in Short Blades
 13268 | D:9      | Found a staircase to the Orcish Mines.
 13357 | D:9      | Found a white marble altar of Elyvilon.
 13358 | D:9      | Found a shimmering altar of Xom.
 13505 | D:10     | Entered Level 10 of the Dungeon
 13522 | D:10     | Reached XP level 11. HP: 61/64 MP: 11/24
 13614 | D:10     | Found Piytumoj's Antique Armour Shop.
 14285 | D:10     | Noticed an unseen horror
 14297 | D:10     | Killed an unseen horror
 14387 | D:10     | Bought a runed buckler for 225 gold pieces
 14873 | D:10     | Reached skill level 10 in Stealth
 14876 | D:10     | Reached *** piety under Sif Muna
 15182 | Lair:1   | Entered Level 1 of the Lair of Beasts
 15230 | Lair:1   | Noticed Gastronok
 15477 | Lair:2   | Learned a level 2 spell: Slow
 15508 | Lair:1   | Noticed a death yak
 15509 | Lair:1   | Noticed a death yak
 15509 | Lair:1   | Noticed a death yak
 15510 | Lair:1   | Noticed a death yak
 15610 | Lair:2   | Reached skill level 1 in Invocations
 15657 | Lair:2   | Reached skill level 1 in Shields
 15657 | Lair:2   | Reached skill level 10 in Spellcasting
 15826 | Lair:2   | Learned a level 6 spell: Freezing Cloud
 16102 | Lair:2   | Reached skill level 1 in Ice Magic
 16112 | Lair:2   | Reached XP level 12. HP: 72/72 MP: 20/26
 16904 | Lair:1   | HP: 3/108 [Gastronok (20)]
 16904 | Lair:1   | Mangled by a cane toad

Illustrated notes

Levels and vault maps discovered:
D:1:      heliophobic_arrival_ceremonial_halls, layout_loops_ring,
          minmay_pentomino_r2
D:2:      layout_rooms
D:3:      layout_basic
D:4:      layout_rooms, minmay_misc_feat_diagonals, uniq_menkaure
D:5:      layout_loops_ring, zin_scriptorium, minmay_temple_entry_grid,
          gup_sewer_entry_bowl, corexii_hall_statues_u, minmay_chambers_of_fives
D:6:      layout_layer_cave, serial_shops, shop, shop, shop_statue, basic_altar
D:7:      layout_basic, serial_shops, shop, minmay_misc_feat_square,
          nicolae_qazlal_eye_of_the_storm
D:8:      layout_loops_ring, chequers_temple_overflow_minitemple,
          erik_lair_dragon, serial_shops, nicolae_shop_waterfront, shop, shop,
          shop, nicolae_shop_temple_entry_statues_fountains, uniq_harold,
          uniq_maggie, uniq_psyche, uniq_prince_ribbit1
D:9:      layout_basic, gammafunk_temple_overflow_pools, orc_0_dummy
D:10:     layout_long_grid, serial_shops, shop
Temple:   eino_temple_scatter_basement
Lair:1:   layout_gridlike, portal_ice_cave_rime, uniq_gastronok
Lair:2:   layout_roguey, chequers_serial_rivers_room_a

Skill      XL: |  1  2  3  4  5  6  7  8  9 10 11 12 |
---------------+-------------------------------------+-----
Stealth        | 3 4 6 8 10 | 10.0
Spellcasting   | 4 5 6 8 9 10 | 10.4
Fire Magic     | 1 2 3 |  3.7
Short Blades   | 1 3 5 6 |  6.3
Air Magic      | 1 2 3 4 |  4.5
Poison Magic   | 1 2 3 4 |  4.0
Conjurations   | 2 3 4 6 7 |  7.0
Fighting       | 1 2 3 |  3.1
Summonings     | 2 3 |  3.2
Translocations | 2 |  2.6
Dodging        | 3 |  3.5
Evocations     | 1 |  1.2
Invocations    | 3 |  3.1
Shields        | 2 |  2.8
Ice Magic      | 1 |  1.2
Staves         | |  0.4
Throwing       | |  0.1
Hexes          | |  0.2

Action                   |  1- 3 |  4- 6 |  7- 9 | 10-12 || total
-------------------------+-------+-------+-------+-------++-------
Melee: Dagger            |    45 |   113 |   163 |   261 ||   582
       Constrict         |     9 |    32 |    47 |    44 ||   132
       Tentacles         |     5 |    24 |    46 |    82 ||   157
       Short sword       |       |       |    57 |       ||    57
       Staff             |       |       |       |    13 ||    13
Throw: Javelin           |       |     1 |     1 |       ||     2
 Cast: Magic Dart        |    70 |    73 |   115 |    69 ||   327
       Call Imp          |     6 |    22 |    18 |    17 ||    63
       Conjure Flame     |     2 |     1 |     1 |     4 ||     8
       Blink             |       |     4 |     8 |    11 ||    23
       Slow              |       |     3 |       |       ||     3
       Mephitic Cloud    |       |     7 |    40 |    45 ||    92
Evoke: Wand              |       |       |     6 |     7 ||    13
  Use: Potion            |       |     8 |       |     6 ||    14
       Scroll            |       |     2 |    11 |     4 ||    17
 Stab: Sleeping          |     5 |     5 |     5 |    19 ||    34
       Distracted        |     1 |       |     2 |       ||     3
       Confused          |       |       |    14 |    24 ||    38
       Paralysed         |       |       |       |     1 ||     1
Armor: Skin              |     2 |     9 |     2 |    36 ||    49
Dodge: Dodged            |    32 |    57 |   105 |   114 ||   308
Block: Other             |     6 |    27 |    37 |    12 ||    82
       Reflection        |       |       |     9 |     1 ||    10
       Buckler           |       |       |       |    44 ||    44

Table legend: (Time is in decaauts)
 A = Elapsed time spent in this place.
 B = Non-inter-level travel time spent in this place.
 C = Inter-level travel time spent in this place.
 D = Time resting spent in this place.
 E = Time spent auto-exploring this place.
 F = Levels seen in this place.
 G = Mean time per level.
                   A        B        C        D        E       F      G
               +--------+--------+--------+--------+--------+-----+--------+
         Total |  16821 |  16336 |    485 |   4069 |   7611 |  14 | 1201.5 |
       Dungeon |  14149 |  13701 |    448 |   3420 |   6422 |  10 | 1414.9 |
        Temple |     93 |     83 |     10 |      0 |     71 |   1 |   93.0 |
          Lair |   1696 |   1669 |     27 |    528 |    668 |   2 |  848.0 |
         Sewer |    882 |    882 |      0 |    121 |    450 |   1 |  882.0 |
               +--------+--------+--------+--------+--------+-----+--------+

Top non-repeatable levels by time:
     D:8: 2234 daAuts
     D:1: 1773 daAuts
     D:6: 1690 daAuts
  Lair:2: 1499 daAuts
    D:10: 1363 daAuts
     D:5: 1332 daAuts
     D:9: 1240 daAuts
     D:4: 1239 daAuts
     D:2: 1137 daAuts
     D:3: 1131 daAuts
     D:7: 1006 daAuts
   Sewer: 882 daAuts
  Lair:1: 197 daAuts
  Temple: 93 daAuts
